 Dungeon Crawl Stone Soup version 0.30.0-20-g3615ddf2f0 (webtiles) character file.

Game seed: 1651906480001079466

7946 qw the Cleaver (level 11, -1/71 HPs)
             Began as a Gargoyle Fighter on June 1, 2023.
             Was a Priest of Okawaru.
             Slain by a fire elemental (9 damage)
             ... summoned by a deep elf pyromancer
             ... on level 9 of the Dungeon.
             The game lasted 00:04:47 (9109 turns).

qw the Cleaver (Gargoyle Fighter)                   Turns: 9109, Time: 00:04:48

Health: -1/71      AC: 25    Str: 23    XL:     11   Next: 23%
Magic:  12/14      EV: 10    Int:  8    God:    Okawaru [***...]
Gold:   260        SH:  6    Dex:  9    Spells: 10/10 levels left

rFire   . . .        Y - +2 war axe
rCold   + . .        c - +0 buckler
rNeg    + . .        q - +2 chain mail {rPois}
rPois   inf          m - +2 helmet
rElec   +            (no cloak)
rCorr   +            (no gloves)
SInv    +            (no boots)
Will    .....        (no amulet) Stlth
                     l - ring of Ephemeral Luck {rC+ rCorr}
HPRegen 0.31/turn    b - ring of see invisible
MPRegen 0.14/turn

%: no passive effects
@: heroic
A: sickness immunity, AC +8, negative energy resistance 1, electricity
resistance, torment resistance 1, petrification resistance, claws 1, dopey 1
a: Renounce Religion, Heroism


You were on level 9 of the Dungeon.
You worshipped Okawaru.
Okawaru was most pleased with you.
You visited 2 branches of the dungeon, and saw 10 of its levels.

You collected 486 gold pieces.
You spent 226 gold pieces at shops.


Innate Abilities, Weirdness & Mutations

You are immune to sickness and miasma.
Your stone body is resilient. (AC +8)
You are immune to poison.
You resist negative energy. (rN+)
You are resistant to electric shocks. (rElec)
You are resistant to unholy torment.
You are immune to petrification.
You have sharp fingernails.
You are dopey. (Int -2)


   Skills:
 - Level 9.5(14.5) Fighting
 + Level 11.9(16.9) Axes
 - Level 1.2(6.2) Throwing
 - Level 6.0(11.0) Armour
 - Level 2.3(7.3) Dodging
 - Level 5.0(10.0) Shields
 - Level 4.0 Invocations


You had 10 spell levels left.
You didn't know any spells.
Your spell library was empty.

Inventory:

Hand Weapons
 n - a +2 flail of venom
 Y - a +2 war axe (weapon)
Missiles
 p - 2 boomerangs (quivered)
Armour
 c - a +0 buckler (worn)
 m - a +2 helmet (worn)
 q - a +2 chain mail of poison resistance (worn)
 s - a +0 pair of gloves
Jewellery
 b - a ring of see invisible (right claw)
 g - a ring of protection from cold
 j - a ring of protection from fire
 l - the ring of Ephemeral Luck (left claw) {rC+ rCorr}
   (You found it on level 7 of the Dungeon)

   [ring of resist corrosion]

   rC:        It protects you from cold.
   rCorr:     It protects you from acid and corrosion.
 u - a ring of ice
 v - an amulet of reflection
Scrolls
 a - 2 scrolls of identify
 f - 3 scrolls of teleportation
 t - 2 scrolls of blinking {unknown}
Potions
 d - 3 potions of might
 e - a potion of mutation
 h - 2 potions of lignification
 i - 3 potions of curing
 k - 3 potions of cancellation
 o - a potion of haste {unknown}
 r - a potion of attraction

Dungeon Overview and Level Annotations

Branches:
Dungeon (9/15)             Temple (1/1) D:5            Lair (0/5) D:9
    Orc: D:9-12

Altars:
Ashenzari
Cheibriados
Elyvilon
Fedhas
Gozag
Kikubaaqudgha
Makhleb
Nemelex Xobeh
Okawaru
Qazlal
Ru
Trog
Uskayaw
Wu Jian
Xom
Yredelemnul
Zin
The Shining One

Shops:
D:9 (

Annotations:
D:2 1 runed translucent door, Crazy Yiuf
D:7 3 runed translucent doors, qw's ghost, novice GrFi


Message History

The steam dragon claws you but does no damage.
A deep elf pyromancer comes into view. It is wielding a +0 long sword.
You slice the steam dragon!!
You kill the steam dragon!
Okawaru accepts your kill.
The steam dragon scales are intact enough to wear.
You are engulfed in a cloud of scalding steam.
Found a runed hand axe.
There is an open door, spattered with blood here.
Things that are here:
+0 steam dragon scales; a steam dragon corpse; a hydra corpse
Enter note:
Enter note:
Enter note:
Enter note:
Enter note:
Enter note:
Enter note:
Enter note:
Enter note:
Enter note: You slice the deep elf pyromancer!!
The deep elf pyromancer is severely wounded.
The deep elf pyromancer gestures wildly while chanting.
You slash the deep elf pyromancer!
The deep elf pyromancer is almost dead.
You miss the fire elemental.
You feel like a meek peon again.
The deep elf pyromancer points at you and mumbles some strange words.
The sticky flame hits you.
You are covered in liquid flames!
The fire elemental hits you. The fire elemental burns you!
9109 ||| INVOKING Heroism.
You gain the combat prowess of a mighty hero.
You are covered in liquid flames!
You are no longer on fire.
The deep elf pyromancer closely misses you.
The fire elemental hits you. The fire elemental burns you!
The fire elemental hits you. The fire elemental burns you!
You die...

#.########
###.####.
#.# #.# #.
#.# #.# #.
#.# #.# #.
#.##+######
#.# #.
#.#...#:.)
#.# #.
#.#0..'.
#.# .
#.#.Ee# #.#
#.##@##
#.#E..#
#.'.).#
###...#
#####


You could see a deep elf pyromancer and 2 fire elementals.

Vanquished Creatures
  A hydra (D:9)
  A centaur warrior (D:9)
  2 two-headed ogres
  A hornet (D:7)
  A shadow (D:5)
  2 wyverns (D:9)
  A wraith (D:9)
  7 yaks (D:9)
  2 steam dragons
  A water moccasin (D:7)
  An orc warrior (D:9)
  2 ice beasts (D:7)
  A black bear (D:7)
  4 centaurs
  2 phantoms
  3 kobold brigands
  A bullfrog (D:7)
  3 gnoll sergeants
  3 necrophages (D:4)
  A water moccasin zombie (D:4)
  3 scorpions
  2 wights (D:4)
  10 killer bees
  3 howler monkeys
  A crimson imp (D:4)
  4 hounds
  A human zombie (D:4)
  5 orc priests
  3 jellies
  A gnoll bouda (D:7)
  A sleepcap (D:6)
  2 iguanas
  2 scorpion zombies (D:4)
  5 orc wizards
  2 mummies (D:4)
  19 gnolls
  2 adders (D:3)
  A shadow imp (D:7)
  3 worms
  An adder zombie (D:4)
  2 dart slugs
  28 orcs
  7 ball pythons
  3 endoplasms
  7 giant cockroaches
  3 goblins
  5 hobgoblins
  3 jackals (D:3)
  28 kobolds
  2 quokkas
  5 bats
  3 frilled lizards
  A goblin skeleton (D:4)
  A goblin zombie (D:4)
  7 hobgoblin zombies (D:4)
  A kobold zombie (D:4)
  An orc skeleton (D:4)
  3 orc zombies (D:4)
  2 rats (D:1)
223 creatures vanquished.

Notes
Turn   | Place    | Note
-------+----------+-------------------------------------------
     0 | D:1      | qw the Gargoyle Fighter began the quest for the Orb.
     0 | D:1      | Reached XP level 1. HP: 14/14 MP: 1/1
     0 | D:1      | 0 ||| qw: Version: 0.2-a-102-gfc559e5
     0 | D:1      | 0 ||| qw: Game counter: 632
     0 | D:1      | 0 ||| qw: Always use a shield: true
     0 | D:1      | 0 ||| qw: God list: Okawaru
     0 | D:1      | 0 ||| qw: Allow faded altars: false
     0 | D:1      | 0 ||| qw: Do Orc after D:15 true
     0 | D:1      | 0 ||| qw: Do second Lair branch before Depths: true
     0 | D:1      | 0 ||| qw: Lair rune preference: random
     0 | D:1      | 0 ||| qw: Plans: Normal, Zot:1-4, Slime:5, God:TSO, Crypt,
                  | Tomb, Pan, Hells, Abyss, Win
     0 | D:1      | 0 ||| PLANNING D:1-11
    29 | D:1      | Reached skill level 2 in Axes
    46 | D:1      | Reached XP level 2. HP: 16/19 MP: 2/2
   148 | D:1      | 148 ||| Stepping ~*~*~tactically~*~*~ (stealth).
   176 | D:1      | 176 ||| Stepping ~*~*~tactically~*~*~ (stealth).
   196 | D:1      | 196 ||| Stepping ~*~*~tactically~*~*~ (stealth).
   289 | D:1      | 289 ||| Stepping ~*~*~tactically~*~*~ (water).
   325 | D:1      | 325 ||| Stepping ~*~*~tactically~*~*~ (stealth).
   424 | D:1      | Reached skill level 3 in Axes
   490 | D:1      | 490 ||| Stepping ~*~*~tactically~*~*~ (stealth).
   531 | D:1      | Reached XP level 3. HP: 23/23 MP: 3/3
   766 | D:1      | 766 ||| READING scroll labelled TIOFUE DELERIJ.
   803 | D:2      | Found a shimmering altar of Xom.
  1141 | D:2      | Found a runed translucent door.
  1142 | D:2      | Noticed Crazy Yiuf
  1181 | D:2      | 1181 ||| Stepping ~*~*~tactically~*~*~ (stealth).
  1182 | D:2      | 1182 ||| Stepping ~*~*~tactically~*~*~ (stealth).
  1183 | D:2      | 1183 ||| Stepping ~*~*~tactically~*~*~ (stealth).
  1319 | D:2      | 1319 ||| DROPPING +0 whip.
  1350 | D:2      | 1350 ||| Stepping ~*~*~tactically~*~*~ (stealth).
  1539 | D:2      | 1539 ||| READING scroll labelled NEKIHU QECZYF.
  1540 | D:2      | 1540 ||| READING scroll labelled NICVYAZYCH.
  1541 | D:2      | 1541 ||| DRINKING 2 fizzy green potions.
  1548 | D:2      | 1548 ||| DROPPING potion of ambrosia.
  1706 | D:3      | 1706 ||| Stepping ~*~*~tactically~*~*~ (stealth).
  1708 | D:3      | 1708 ||| Stepping ~*~*~tactically~*~*~ (stealth).
  1712 | D:3      | Reached XP level 4. HP: 28/28 MP: 4/4
  2012 | D:3      | Reached skill level 4 in Axes
  2494 | D:3      | 2494 ||| DROPPING +1 ring mail of poison resistance.
  2495 | D:3      | 2495 ||| READING 2 scrolls labelled ARANIR ZOE.
  2496 | D:3      | 2496 ||| READING scroll labelled JERESK YRUASCH.
  2497 | D:3      | 2497 ||| DRINKING 2 fizzy yellow potions.
  2498 | D:3      | 2498 ||| DROPPING scroll of poison.
  2600 | D:4      | Reached XP level 5. HP: 32/32 MP: 5/5
  2644 | D:4      | Found a glowing golden altar of the Shining One.
  2646 | D:4      | 2646 ||| Stepping ~*~*~tactically~*~*~ (stealth).
  2647 | D:4      | 2647 ||| Stepping ~*~*~tactically~*~*~ (stealth).
  2675 | D:4      | 2675 ||| Stepping ~*~*~tactically~*~*~ (stealth).
  2724 | D:4      | Reached skill level 5 in Axes
  2758 | D:4      | Noticed a phantom
  2766 | D:4      | Killed a phantom
  2767 | D:4      | Reached XP level 6. HP: 39/39 MP: 6/6
  2824 | D:4      | 2824 ||| Stepping ~*~*~tactically~*~*~ (hiding).
  2853 | D:4      | Reached skill level 1 in Dodging
  2890 | D:4      | 2890 ||| DROPPING +0 mace of holy wrath.
  2913 | D:4      | 2913 ||| Stepping ~*~*~tactically~*~*~ (stealth).
  3001 | D:4      | Reached XP level 7. HP: 44/44 MP: 7/7
  3015 | D:4      | Reached skill level 6 in Axes
  3110 | D:4      | Found a basalt altar of Yredelemnul.
  3121 | D:4      | Reached skill level 7 in Axes
  3289 | D:4      | 3289 ||| Stepping ~*~*~tactically~*~*~ (hiding).
  3292 | D:4      | 3292 ||| Stepping ~*~*~tactically~*~*~ (hiding).
  3297 | D:4      | 3297 ||| Stepping ~*~*~tactically~*~*~ (hiding).
  3298 | D:4      | 3298 ||| Stepping ~*~*~tactically~*~*~ (hiding).
  3299 | D:4      | 3299 ||| Stepping ~*~*~tactically~*~*~ (hiding).
  3312 | D:4      | 3312 ||| Stepping ~*~*~tactically~*~*~ (stealth).
  3313 | D:4      | 3313 ||| Stepping ~*~*~tactically~*~*~ (stealth).
  3336 | D:4      | Reached XP level 8. HP: 41/49 MP: 8/8
  3342 | D:4      | 3342 ||| FLEEEEING.
  3541 | D:4      | Reached skill level 1 in Throwing
  3553 | D:4      | 3553 ||| UPGRADING to +0 helmet.
  3558 | D:4      | 3558 ||| UPGRADING to +2 chain mail of poison resistance.
  3568 | D:4      | 3568 ||| DROPPING +0 scale mail.
  3569 | D:4      | 3569 ||| UPGRADING to ring of protection from fire.
  3570 | D:4      | 3570 ||| READING 2 scrolls labelled GYDURI OGRAJA.
  3571 | D:4      | 3571 ||| READING 2 scrolls labelled ZANUSY DUSKI.
  3572 | D:4      | 3572 ||| READING scroll of enchant armour.
  3572 | D:4      | 3572 ||| ENCHANTING +0 helmet.
  3573 | D:4      | 3573 ||| READING scroll labelled ZAMPEYGEFO.
  3574 | D:4      | 3574 ||| DRINKING 2 smoky black potions.
  3574 | D:4      | Gained mutation: You are dopey. (Int -2) [potion of
                  | mutation]
  3574 | D:4      | Gained mutation: You have sharp fingernails. [potion of
                  | mutation]
  3575 | D:4      | 3575 ||| DRINKING 2 murky inky potions.
  3576 | D:4      | 3576 ||| DRINKING 2 purple potions.
  3577 | D:4      | 3577 ||| DROPPING potion of brilliance.
  3582 | D:5      | Entered Level 5 of the Dungeon
  3609 | D:5      | Found a staircase to the Ecumenical Temple.
  3610 | D:5      | 3610 ||| PLANNING TEMPLE
  3619 | Temple   | Entered the Ecumenical Temple
  3633 | Temple   | 3633 ||| PLANNING OKAWARU WORSHIP
  3697 | Temple   | Became a worshipper of Warmaster Okawaru
  3697 | Temple   | 3697 ||| PLANNING D:1-11
  3741 | D:5      | 3741 ||| READING scroll of enchant weapon.
  3741 | D:5      | 3741 ||| ENCHANTING +1 war axe.
  4096 | D:5      | Noticed a shadow
  4103 | D:5      | Reached skill level 8 in Axes
  4118 | D:5      | Killed a shadow
  4119 | D:5      | Reached skill level 6 in Fighting
  4245 | D:5      | 4245 ||| UPGRADING to ring of see invisible.
  4246 | D:5      | 4246 ||| DROPPING ring of wizardry.
  4247 | D:5      | 4247 ||| READING 2 scrolls of identify.
  4247 | D:5      | 4247 ||| IDENTIFYING ruby potion
  4248 | D:5      | 4248 ||| DROPPING potion of invisibility.
  4320 | D:6      | 4320 ||| Stepping ~*~*~tactically~*~*~ (hiding).
  4321 | D:6      | 4321 ||| Stepping ~*~*~tactically~*~*~ (hiding).
  4610 | D:6      | 4610 ||| Stepping ~*~*~tactically~*~*~ (hiding).
  4612 | D:6      | 4612 ||| Stepping ~*~*~tactically~*~*~ (hiding).
  4615 | D:6      | Reached * piety under Okawaru
  4783 | D:6      | Reached skill level 1 in Invocations
  4962 | D:6      | Reached XP level 9. HP: 55/55 MP: 10/10
  5066 | D:6      | 5066 ||| Stepping ~*~*~tactically~*~*~ (hiding).
  5230 | D:6      | 5230 ||| READING scroll labelled HUROUGYDESA.
  5231 | D:6      | 5231 ||| DRINKING 3 fizzy black potions.
  5232 | D:6      | 5232 ||| DROPPING 2 potions of flight.
  5287 | D:7      | Reached skill level 9 in Axes
  5287 | D:7      | Reached skill level 3 in Invocations
  5309 | D:7      | 5309 ||| INVOKING Heroism.
  5385 | D:7      | Identified the +1 robe "Bapn" {rN+}
  5411 | D:7      | Identified the +9 falchion of Myargh {drain, *Rage +Blink
                  | Str+3 Int+7}
  5589 | D:7      | 5589 ||| Stepping ~*~*~tactically~*~*~ (hiding).
  5622 | D:7      | Noticed a hornet
  5633 | D:7      | 5633 ||| INVOKING Heroism.
  5642 | D:7      | Killed a hornet
  5642 | D:7      | Reached ** piety under Okawaru
  5793 | D:7      | Found a sacrificial altar of Ru.
  5798 | D:7      | 5798 ||| Stepping ~*~*~tactically~*~*~ (stealth).
  5816 | D:7      | 5816 ||| Stepping ~*~*~tactically~*~*~ (stealth).
  5856 | D:7      | 5856 ||| Stepping ~*~*~tactically~*~*~ (stealth).
  5876 | D:7      | 5876 ||| Stepping ~*~*~tactically~*~*~ (hiding).
  5881 | D:7      | 5881 ||| INVOKING Heroism.
  6003 | D:7      | Found a runed translucent gate.
  6003 | D:7      | Found a runed translucent gate.
  6003 | D:7      | Found an opulent altar of Gozag.
  6004 | D:7      | Found a runed translucent gate.
  6005 | D:7      | Noticed qw's ghost (novice GrFi)
  6076 | D:7      | Identified the ring of Ephemeral Luck {rC+ rCorr}
  6244 | D:7      | 6244 ||| Stepping ~*~*~tactically~*~*~ (hiding).
  6245 | D:7      | 6245 ||| Stepping ~*~*~tactically~*~*~ (hiding).
  6285 | D:7      | 6285 ||| Stepping ~*~*~tactically~*~*~ (stealth).
  6287 | D:7      | 6287 ||| INVOKING Heroism.
  6289 | D:7      | 6289 ||| Stepping ~*~*~tactically~*~*~ (stealth).
  6322 | D:7      | 6322 ||| INVOKING Heroism.
  6340 | D:7      | 6340 ||| FLEEEEING.
  6341 | D:7      | 6341 ||| FLEEEEING.
  6342 | D:7      | 6342 ||| FLEEEEING.
  6343 | D:7      | 6343 ||| FLEEEEING.
  6356 | D:7      | 6356 ||| FLEEEEING.
  6357 | D:7      | 6357 ||| FLEEEEING.
  6358 | D:7      | 6358 ||| FLEEEEING.
  6382 | D:7      | 6382 ||| FLEEEEING.
  6383 | D:7      | 6383 ||| FLEEEEING.
  6384 | D:7      | 6384 ||| FLEEEEING.
  6385 | D:7      | 6385 ||| FLEEEEING.
  6386 | D:7      | 6386 ||| FLEEEEING.
  6387 | D:7      | 6387 ||| FLEEEEING.
  6388 | D:7      | 6388 ||| STAIRDANCE
  6426 | D:6      | 6426 ||| UPGRADING to ring of Ephemeral Luck {rC+ rCorr}.
  6428 | D:6      | 6428 ||| READING scroll labelled MIFEIP GAFIU.
  6429 | D:6      | 6429 ||| DRINKING 2 viscous dark potions.
  6533 | D:6      | 6533 ||| DRINKING 2 fuming red potions.
  6562 | D:6      | 6562 ||| DROPPING potion of berserk rage.
  6565 | D:7      | 6565 ||| INVOKING Heroism.
  6837 | D:8      | 6837 ||| STAIRDANCE
  7021 | D:8      | 7021 ||| INVOKING Heroism.
  7037 | D:8      | Reached skill level 10 in Axes
  7061 | D:8      | Identified the ring "Zotoimp" {rElec rN++ Str+2 Int+6
                  | Slay-5}
  7110 | D:8      | 7110 ||| Stepping ~*~*~tactically~*~*~ (hiding).
  7114 | D:8      | 7114 ||| INVOKING Heroism.
  7126 | D:8      | Reached XP level 10. HP: 42/63 MP: 11/13
  7359 | D:8      | Noticed a two-headed ogre
  7360 | D:8      | 7360 ||| INVOKING Heroism.
  7367 | D:8      | Killed a two-headed ogre
  7542 | D:8      | 7542 ||| Stepping ~*~*~tactically~*~*~ (stealth).
  7556 | D:8      | 7556 ||| INVOKING Heroism.
  7629 | D:8      | 7629 ||| Stepping ~*~*~tactically~*~*~ (stealth).
  7634 | D:8      | 7634 ||| Stepping ~*~*~tactically~*~*~ (stealth).
  7901 | D:8      | 7901 ||| DROPPING +2 hat.
  7902 | D:8      | 7902 ||| DROPPING ring "Zotoimp" {rElec rN++ Str+2 Int+6
                  | Slay-5}.
  7903 | D:8      | 7903 ||| READING scroll labelled HERACY NUAZIB.
  7904 | D:8      | 7904 ||| READING 3 scrolls of identify.
  7904 | D:8      | 7904 ||| IDENTIFYING metallic purple potion
  7985 | D:9      | Found Zyryplep's Weapon Boutique.
  7993 | D:9      | 7993 ||| BUYING +2 flail of venom (226 gold).
  7993 | D:9      | Bought a +2 flail of venom for 226 gold pieces
  7993 | D:9      | 7993 ||| SHOPLISTING +3 morningstar of protection (305
                  | gold, have 202).
  7993 | D:9      | 7993 ||| SHOPLISTING +4 flail of protection (366 gold, have
                  | 202).
  7993 | D:9      | 7993 ||| DROPPING +0 flail.
  8022 | D:9      | 8022 ||| INVOKING Heroism.
  8151 | D:9      | 8151 ||| INVOKING Heroism.
  8237 | D:9      | Found a bloodstained altar of Trog.
  8237 | D:9      | Found a snail-covered altar of Cheibriados.
  8300 | D:9      | Reached skill level 11 in Axes
  8305 | D:9      | 8305 ||| INVOKING Heroism.
  8323 | D:9      | 8323 ||| Stepping ~*~*~tactically~*~*~ (hiding).
  8485 | D:9      | Noticed a two-headed ogre
  8486 | D:9      | 8486 ||| INVOKING Heroism.
  8499 | D:9      | Killed a two-headed ogre
  8499 | D:9      | Reached *** piety under Okawaru
  8500 | D:9      | Reached skill level 9 in Fighting
  8737 | D:9      | Found a staircase to the Lair.
  8780 | D:9      | 8780 ||| Stepping ~*~*~tactically~*~*~ (stealth).
  8785 | D:9      | Reached skill level 6 in Armour
  8785 | D:9      | Reached XP level 11. HP: 71/71 MP: 14/14
  8787 | D:9      | 8787 ||| Stepping ~*~*~tactically~*~*~ (hiding).
  8789 | D:9      | 8789 ||| Stepping ~*~*~tactically~*~*~ (hiding).
  8790 | D:9      | 8790 ||| Stepping ~*~*~tactically~*~*~ (hiding).
  8791 | D:9      | 8791 ||| Stepping ~*~*~tactically~*~*~ (hiding).
  8794 | D:9      | 8794 ||| INVOKING Heroism.
  8863 | D:9      | 8863 ||| READING scroll of enchant armour.
  8863 | D:9      | 8863 ||| ENCHANTING +1 helmet.
  8931 | D:9      | Noticed a centaur warrior
  8937 | D:9      | 8937 ||| INVOKING Heroism.
  8951 | D:9      | Killed a centaur warrior
  9088 | D:9      | Noticed a four-headed hydra
  9089 | D:9      | 9089 ||| INVOKING Heroism.
  9090 | D:9      | 9090 ||| SWAPPING to +2 flail of venom.
  9099 | D:9      | Killed a four-headed hydra
  9100 | D:9      | 9100 ||| SWAPPING to +2 war axe.
  9104 | D:9      | Noticed a deep elf pyromancer
  9109 | D:9      | 9109 ||| INVOKING Heroism.
  9109 | D:9      | HP: 8/71 [fire elemental[a deep elf pyromancer] (10)]
  9109 | D:9      | Slain by a fire elemental

Levels and vault maps discovered:
D:1:      dpeg_arrival_central, layout_basic, serial_rivers,
          chequers_serial_rivers_micro_c, chequers_serial_rivers_small_a,
          chequers_serial_rivers_small_a, chequers_serial_rivers_small_3,
          chequers_serial_rivers_large_a, amcnicky_mini_corridor_feature
D:2:      layout_loops_ring, basic_altar, minmay_increasing_density,
          uniq_crazy_yiuf_cottage
D:3:      layout_basic, kennysheep_cross_room
D:4:      layout_rooms, lemuel_mausoleum_altar_yredelemnul,
          nicolae_tso_besieged_by_evil, columned_hall_lemuel,
          kennysheep_generic_room_15
D:5:      layout_rooms, minmay_temple_entry_ruins, minmay_small_thing
D:6:      layout_basic
D:7:      minmay_spotlight, layout_loops_ring, nicolae_overflow_crystal_walls,
          ebering_ghost_gozag, chequers_serial_rivers_micro_a, kennysheep_dice
D:8:      layout_gridville, minivault_21
D:9:      layout_long_grid, riverfiend_overflow_shadow_ancestor,
          gammafunk_temple_overflow_elements, dpeg_oklobed_lair, serial_shops,
          nicolae_shop_bloodbath_and_beyond, minivault_14, minmay_evil_grid
Temple:   nicolae_temple_god_jail

Skill      XL: |  1  2  3  4  5  6  7  8  9 10 |
---------------+-------------------------------+-----
Axes           | 2 3 4 5 7 8 10 11 | 11.9
Fighting       | 4 5 6 7 9 |  9.5
Dodging        | 1 2 |  2.3
Throwing       | 1 |  1.2
Armour         | 4 5 6 |  6.0
Invocations    | 2 4 |  4.0
Shields        | 4 5 |  5.0

Action                     |  1- 3 |  4- 6 |  7- 9 | 10-12 || total
---------------------------+-------+-------+-------+-------++-------
  Melee: War axe           |   105 |   151 |   368 |   164 ||   788
         Flail             |       |       |       |     9 ||     9
  Throw: Boomerang         |       |       |    30 |    15 ||    45
 Invoke: Heroism           |       |       |     8 |    10 ||    18
    Use: Scroll            |     3 |     2 |     8 |     3 ||    16
         Potion            |     1 |     1 |     6 |       ||     8
 Armour: Scale mail        |    44 |    61 |    32 |       ||   137
         Chain mail        |       |       |   168 |   124 ||   292
  Dodge: Dodged            |    36 |    49 |   137 |   100 ||   322
  Block: Buckler           |    21 |    17 |    78 |    51 ||   167

Table legend:
 A = Non-vault XP
 B = Vault XP
 C = Vault XP percentage of total XP
 D = Non-vault monster count
 E = Vault monster count
 F = Vault count percentage of total count
                 A         B        C        D         E       F
            +---------+---------+-------+---------+---------+-------
      Total |    8289 |    3063 |  27.0 |     180 |      43 |  19.3
            +---------+---------+-------+---------+---------+-------
        D:1 |      34 |       0 |   0.0 |      19 |       0 |   0.0
        D:2 |      15 |      11 |  42.3 |       7 |       7 |  50.0
        D:3 |      57 |       0 |   0.0 |      16 |       0 |   0.0
        D:4 |     565 |     709 |  55.7 |      26 |      28 |  51.9
        D:5 |     162 |     296 |  64.6 |       4 |       2 |  33.3
        D:6 |     760 |       0 |   0.0 |      18 |       0 |   0.0
        D:7 |    1186 |     360 |  23.3 |      34 |       4 |  10.5
        D:8 |    1781 |       0 |   0.0 |      26 |       0 |   0.0
        D:9 |    3729 |    1687 |  31.1 |      30 |       2 |   6.2
            +---------+---------+-------+---------+---------+-------
